 Dungeon Sprint DCSS version 0.20.1-1-g8b1a95d (webtiles) character file.

3633 wojtek the Protected (level 9, -1/89 HPs)
             Began as a Minotaur Fighter on Dec 29, 2017.
             Was an Elder of Makhleb.
             Slain by an unseen horror (8 damage)
             ... in the Dungeon (Sprint I: "Red Sonja").
             The game lasted 00:03:44 (2348 turns).

wojtek the Protected (Minotaur Fighter)             Turns: 2348, Time: 00:03:44

Health: -1/89      AC: 13    Str: 24    XL:     9   Next: 87%
Magic:  8/8        EV: 14    Int:  5    God:    Makhleb [****..]
Gold:   528        SH: 12    Dex: 10    Spells: 8/8 levels left

rFire    . . .     SeeInvis .   a - +0 flail
rCold    . . .     Gourm    .   c - +0 shield
rNeg     . . .     Faith    .   b - +0 scale mail
rPois    .         Spirit   .   (helmet restricted)
rElec    .         Reflect  .   (no cloak)
rCorr    .         Harm     .   n - +0 pair of gloves
MR       .....     NoTele   +   o - +0 pair of boots
Stlth    ..........             (no amulet)
Regen    0.3/turn               (no ring)
MPRegen  0.2/turn               (no ring)

@: no status effects
A: retaliatory headbutt, horns 2
a: Minor Destruction, Lesser Servant of Makhleb, Major Destruction, Renounce
Religion


You were in the Dungeon.
You worshipped Makhleb.
Makhleb was greatly pleased with you.
You were not hungry.

You visited 1 branch You collected 654 gold pieces.
You spent 126 gold pieces at shops.

Inventory:

Hand Weapons
 a - a +0 flail (weapon)
Armour
 b - a +0 scale mail (worn)
 c - a +0 shield (worn)
 n - a +0 pair of gloves (worn)
 o - a +0 pair of boots (worn)
Wands
 m - a wand of confusion (6/48)
Scrolls
 j - a scroll of remove curse {unknown}
 k - a scroll of blinking
 l - a scroll of random uselessness {unknown}
Potions
 d - a potion of might
 e - a potion of curing
 g - a potion of heal wounds
 h - a potion of haste
 i - 2 potions of magic
Comestibles
 f - a bread ration


   Skills:
 + Level 11.0 Fighting
 * Level 14.3 Maces & Flails
 * Level 14.5 Armour
 + Level 9.6 Dodging
 + Level 11.0 Shields


You had 8 spell levels left.
You didn't know any spells.

Dungeon Overview and Level Annotations

Branches:
Dungeon (1/1)

Altars:
Cheibriados
Dithmenos
Elyvilon
Fedhas
Gozag
Hepliaklqana
Kikubaaqudgha
Makhleb
Nemelex Xobeh
Okawaru
Qazlal
Ru
Sif Muna
Trog
Uskayaw
Vehumet
Xom
Yredelemnul
Zin
The Shining One
Jiyva
Lugonu

Shops:
D :[


Innate Abilities, Weirdness & Mutations

You reflexively headbutt those who attack you in melee.
You have a pair of horns on your head.


Message History

* * * LOW HITPOINT WARNING * * *
You swing at nothing.
Something hits you but does no damage. Something hits you!
* * * LOW HITPOINT WARNING * * *
You miss something. You headbutt something.
Something hits you but does no damage. Something barely misses you.
Something hits you.
* * * LOW HITPOINT WARNING * * *
Something hits you.
* * * LOW HITPOINT WARNING * * *
Something hits you but does no damage. x2
You block something's attack.
There is an open door here.
You hit something but do no damage. Something hits you.
* * * LOW HITPOINT WARNING * * *
Something hits you but does no damage.
You miss something. Something hits you.
* * * LOW HITPOINT WARNING * * *
You miss something. You headbutt something. Something hits you!
You die...

).#.)'..#__#
..'..#..'..+
#'#####'#__####
..#...#.####§§####
###..##)#§§§.§#§.#
__##'#.))§§§§§§§§#
...'..._#§§≈..#§.#
__##_.#'##§#####'###
__###+#.#§§§§###@{.#
### ####§###.###.#
+.....'.∩##.#
###########{# #.# #.
+.# #+..######.#
#........#.#
#.....§.#§§#


There were no monsters in sight!

Vanquished Creatures
  2 centaur warriors (D)
  A deep troll (D)
  An oklob plant (D)
  A slime creature (D)
  A hornet (D)
  A yak (D)
  Sigmund (D)
  2 redbacks (D)
  A floating eye (D)
  An ogre (D)
  8 jellies (D)
  Ijyb (D)
21 creatures vanquished.

Vanquished Creatures (others)
  A gargoyle (D)
1 creature vanquished.

Grand Total: 22 creatures vanquished

Notes
Turn   | Place    | Note
-------+----------+-------------------------------------------
     0 | D        | wojtek the Minotaur Fighter began the quest for the Orb.
     0 | D        | Reached XP level 1. HP: 19/19 MP: 0/0
     1 | D        | Noticed Ijyb
    17 | D        | Killed Ijyb
    17 | D        | Reached skill level 5 in Armour
    17 | D        | Reached skill level 1 in Dodging
    17 | D        | Reached XP level 2. HP: 13/28 MP: 1/1
   177 | D        | Noticed an ogre
   181 | D        | Killed an ogre
   181 | D        | Reached skill level 5 in Fighting
   181 | D        | Reached skill level 5 in Shields
   181 | D        | Reached XP level 3. HP: 14/36 MP: 2/2
   181 | D        | Reached XP level 4. HP: 17/42 MP: 3/3
   358 | D        | Noticed Sigmund
   372 | D        | Killed Sigmund
   372 | D        | Reached XP level 5. HP: 22/51 MP: 4/4
   527 | D        | Killed a gargoyle
   551 | D        | Found a burning altar of Makhleb.
   551 | D        | Found a viscous altar of Jiyva.
   551 | D        | Found a shimmering altar of Xom.
   551 | D        | Found a corrupted altar of Lugonu.
   551 | D        | Noticed a slime creature
   569 | D        | Killed a slime creature
   569 | D        | Reached skill level 10 in Armour
   569 | D        | Reached skill level 5 in Dodging
   569 | D        | Reached XP level 6. HP: 21/60 MP: 5/5
   571 | D        | Became a worshipper of Makhleb the Destroyer
   764 | D        | Found a deep blue altar of Sif Muna.
   766 | D        | Found a radiant altar of Vehumet.
   796 | D        | Found Hoischok's Book Emporium.
   796 | D        | Found an ancient bone altar of Kikubaaqudgha.
   796 | D        | Found a hazy altar of Hepliaklqana.
   796 | D        | Found a stormy altar of Qazlal.
   796 | D        | Found a hide-covered altar of Uskayaw.
   796 | D        | Found a blossoming altar of Fedhas.
   796 | D        | Found a bloodstained altar of Trog.
   796 | D        | Found an iron altar of Okawaru.
   796 | D        | Found a basalt altar of Yredelemnul.
   796 | D        | Found a glowing golden altar of the Shining One.
   796 | D        | Found a snail-covered altar of Cheibriados.
   796 | D        | Found a sacrificial altar of Ru.
   796 | D        | Found a glowing silver altar of Zin.
   796 | D        | Found a shadowy altar of Dithmenos.
   796 | D        | Found a white marble altar of Elyvilon.
   796 | D        | Noticed a yak
   808 | D        | Killed a yak
   808 | D        | Reached skill level 10 in Maces & Flails
   808 | D        | Reached XP level 7. HP: 47/68 MP: 6/6
   809 | D        | Found an opulent altar of Gozag.
   810 | D        | Found a sparkling altar of Nemelex Xobeh.
   910 | D        | Noticed a centaur warrior
   913 | D        | Noticed a centaur warrior
   924 | D        | Killed a centaur warrior
   924 | D        | Reached * piety under Makhleb
   924 | D        | Reached XP level 8. HP: 69/78 MP: 7/7
   929 | D        | Killed a centaur warrior
  1103 | D        | Noticed a deep troll
  1112 | D        | Killed a deep troll
  1112 | D        | Reached skill level 10 in Fighting
  1112 | D        | Reached skill level 10 in Shields
  1112 | D        | Reached XP level 9. HP: 26/86 MP: 8/8
  1207 | D        | Found Joliad's Armour Emporium.
  1214 | D        | Bought a +0 pair of gloves for 63 gold pieces
  1214 | D        | Bought a +0 pair of boots for 63 gold pieces
  1368 | D        | Reached ** piety under Makhleb
  1379 | D        | Noticed an oklob plant
  1398 | D        | Killed an oklob plant
  2007 | D        | Paralysed by a floating eye for 2 turns
  2010 | D        | Reached *** piety under Makhleb
  2050 | D        | Reached **** piety under Makhleb
  2348 | D        | Slain by an unseen horror

Skill      XL: |  1  2  3  4  5  6  7  8  9 |
---------------+----------------------------+-----
Fighting       | 4 5 6 7 8 9 10 11 | 11.0
Maces & Flails | 4 6 8 9 10 11 13 14 | 14.3
Armour         | 5 7 8 10 12 13 14 | 14.5
Dodging        | 1 3 4 5 6 7 8 9 |  9.6
Shields        | 4 5 6 7 8 9 10 11 | 11.0

Action                   |  1- 3 |  4- 6 |  7- 9 || total
-------------------------+-------+-------+-------++-------
Melee: Flail             |    19 |    43 |   116 ||   178
       Headbutt          |     5 |     7 |    32 ||    44
  Use: Potion            |       |       |     1 ||     1
  Eat: Bread ration      |       |       |     1 ||     1
Armor: Scale mail        |     7 |     4 |    35 ||    46
Dodge: Dodged            |     4 |     6 |    25 ||    35
Block: Shield            |     6 |    15 |    35 ||    56
